[ AOE2 MATCH · #494117315 ]
UnrankedIncas vs Teutons
Player's team · LOSS
Rival team · WIN
[ REPLAY ANALYSIS · EXTRACTED FROM THE RECORDED GAME ]
Feudal
10:42
Castle
—
Imperial
—
| APM avg | 26.4 |
| APM peak | 60 |
| eAPM avg | 12.4 |
| Villagers / military | 39 / 6 |
Focus
⚔️ 21.4% · 🌾 78.6%
Unknown (2550) ×7 · Archer ×4 · Spearman ×2
Feudal
9:39
Castle
24:31
Imperial
—
| APM avg | 26.3 |
| APM peak | 70 |
| eAPM avg | 13.5 |
| Villagers / military | 45 / 28 |
Focus
⚔️ 23.1% · 🌾 76.9%
Knight ×7 · Scout Cavalry ×7 · Skirmisher ×6 · Archer ×5 · Cavalry Archer ×2 · Mangonel ×1
Match map
Initial resources + every placement click. Lines = walls · curves = elevation contours. ◆ gold · ⬟ stone · ● berries · ✦ relic · ◌ wall gap
Your base· Open — unwalled flank
DR DANKEL's base· Open — 1t gap
Smoothed initial terrain · ◌ = detected wall gap · hover for details
Inputs per minute
— Disagri - - DR DANKEL
Build order — Disagri
107 actions detected in the replay
| 0:02 | Build | House |
| 0:04 | Build | House |
| 0:20 | Create | Villager (Male) |
| 0:20 | Create | Villager (Male) |
| 0:21 | Create | Villager (Male) |
| 0:21 | Create | Villager (Male) |
| 1:30 | Create | Villager (Male) |
| 2:20 | Create | Villager (Male) |
| 2:52 | Create | Villager (Male) |
| 2:54 | Create | Villager (Male) |
| 3:08 | Build | House |
| 3:38 | Create | Villager (Male) |
| 3:51 | Build | Settlement |
| 4:17 | Create | Villager (Male) |
| 4:45 | Build | Settlement |
| 4:52 | Create | Villager (Male) |
| 5:03 | Create | Villager (Male) |
| 5:04 | Create | Villager (Male) |
| 5:47 | Create | Villager (Male) |
| 6:32 | Create | Villager (Male) |
| 6:46 | Build | Barracks |
| 7:07 | Create | Villager (Male) |
| 7:27 | Create | Villager (Male) |
| 8:20 | Create | Unit 2550 |
| 8:32 | Research | Feudal Age |
| 8:33 | Research | Feudal Age |
| 9:54 | Create | Unit 2550 |
| 10:16 | Build | Settlement |
| 10:42 | Age | Feudal Age |
| 11:04 | Build | Archery Range |
| 11:11 | Research | Tech 1402 |
| 11:17 | Create | Villager (Male) |
| 11:17 | Create | Villager (Male) |
| 11:17 | Create | Villager (Male) |
| 12:15 | Build | Blacksmith |
| 12:16 | Create | Archer |
| 12:17 | Create | Archer |
| 12:19 | Create | Archer |
| 12:53 | Build | Watch Tower |
| 13:00 | Create | Unit 2550 |
| 13:00 | Create | Unit 2550 |
| 13:15 | Research | Forging |
| 13:56 | Create | Villager (Male) |
| 13:57 | Create | Villager (Male) |
| 13:57 | Create | Villager (Male) |
| 14:12 | Create | Archer |
| 14:17 | Create | Unit 2550 |
| 14:45 | Build | Farm |
| 14:46 | Build | Farm |
| 14:46 | Build | Farm |
| 14:50 | Research | Fletching |
| 15:02 | Build | Watch Tower |
| 15:17 | Create | Villager (Male) |
| 15:26 | Build | Farm |
| 16:01 | Build | Farm |
| 16:01 | Build | Farm |
| 16:54 | Build | Watch Tower |
| 17:06 | Create | Villager (Male) |
| 17:06 | Create | Villager (Male) |
| 17:10 | Build | Farm |
| 17:12 | Create | Spearman |
| 17:16 | Build | House |
| 17:22 | Build | Palisade Wall |
| 17:26 | Build | House |
| 17:29 | Build | House |
| 17:32 | Build | House |
| 17:38 | Build | House |
| 17:40 | Build | Palisade Wall |
| 17:44 | Build | House |
| 17:45 | Build | Palisade Wall |
| 18:22 | Create | Spearman |
| 18:28 | Build | House |
| 19:20 | Create | Villager (Male) |
| 19:20 | Create | Villager (Male) |
| 19:42 | Build | Settlement |
| 20:02 | Research | Scale Mail Armor |
| 20:17 | Research | Arson |
| 21:35 | Create | Villager (Male) |
| 21:36 | Create | Villager (Male) |
| 21:36 | Create | Villager (Male) |
| 21:39 | Build | Farm |
| 21:39 | Build | Farm |
| 21:39 | Build | Farm |
| 22:20 | Create | Villager (Male) |
| 22:21 | Create | Villager (Male) |
| 22:23 | Build | Farm |
| 22:23 | Build | Farm |
| 22:23 | Build | Farm |
| 23:46 | Build | Outpost |
| 23:52 | Create | Unit 2550 |
| 23:52 | Create | Unit 2550 |
| 24:06 | Build | Farm |
| 24:07 | Build | Farm |
| 24:07 | Build | Farm |
| 24:08 | Create | Villager (Male) ×4 |
| 24:40 | Build | Watch Tower |
| 25:04 | Build | Archery Range |
| 25:13 | Create | Villager (Male) |
| 25:13 | Create | Villager (Male) |
| 25:18 | Build | Farm |
| 25:18 | Build | Farm |
| 25:19 | Build | Farm |
| 25:46 | Build | Farm |
| 26:51 | Build | House |
| 26:54 | Build | House |
| 26:57 | Build | Palisade Wall |
| 27:03 | Build | Barracks |
Build order — DR DANKEL
147 actions detected in the replay
| 0:02 | Create | Villager (Male) |
| 0:02 | Create | Villager (Male) |
| 0:04 | Build | House |
| 0:05 | Build | House |
| 0:07 | Create | Villager (Male) |
| 0:07 | Create | Villager (Male) |
| 1:34 | Create | Villager (Male) |
| 1:59 | Create | Villager (Male) |
| 2:01 | Build | Lumber Camp |
| 2:26 | Create | Villager (Male) |
| 2:59 | Create | Villager (Male) |
| 3:03 | Build | House |
| 3:19 | Create | Villager (Male) |
| 4:02 | Create | Villager (Male) |
| 4:17 | Create | Villager (Male) |
| 4:31 | Build | Mill |
| 4:51 | Create | Villager (Male) |
| 5:14 | Create | Villager (Male) |
| 5:15 | Create | Villager (Male) |
| 5:15 | Create | Villager (Male) |
| 6:17 | Create | Villager (Male) |
| 6:27 | Research | Loom |
| 7:29 | Research | Feudal Age |
| 7:36 | Build | Barracks |
| 7:54 | Build | Palisade Wall |
| 8:13 | Create | Villager (Male) |
| 9:01 | Build | House |
| 9:13 | Build | Palisade Wall |
| 9:39 | Age | Feudal Age |
| 9:44 | Build | Stable |
| 9:51 | Research | Double-Bit Axe |
| 9:59 | Build | Palisade Wall |
| 10:05 | Create | Villager (Male) |
| 10:20 | Build | House |
| 10:29 | Create | Scout Cavalry |
| 10:34 | Create | Villager (Male) |
| 10:35 | Create | Villager (Male) |
| 11:03 | Build | Farm |
| 11:06 | Build | Farm |
| 11:16 | Build | Palisade Wall |
| 11:19 | Create | Villager (Male) |
| 11:32 | Create | Villager (Male) |
| 11:41 | Build | Farm |
| 12:07 | Build | House |
| 12:10 | Build | House |
| 12:16 | Build | Farm |
| 12:18 | Create | Villager (Male) |
| 12:37 | Build | Archery Range |
| 12:38 | Create | Villager (Male) |
| 12:49 | Create | Scout Cavalry |
| 13:03 | Build | Watch Tower |
| 13:17 | Create | Villager (Male) |
| 13:19 | Create | Villager (Male) |
| 13:43 | Create | Villager (Male) |
| 13:45 | Build | Farm |
| 13:46 | Create | Archer |
| 13:48 | Build | Mining Camp |
| 13:58 | Build | Farm |
| 14:03 | Build | House |
| 14:13 | Build | Farm |
| 14:19 | Create | Scout Cavalry |
| 14:20 | Create | Villager (Male) |
| 14:29 | Build | Farm |
| 14:35 | Build | Farm |
| 14:42 | Create | Villager (Male) |
| 14:46 | Create | Skirmisher |
| 14:54 | Build | Market |
| 14:57 | Create | Villager (Male) |
| 15:05 | Build | Farm |
| 15:13 | Build | Lumber Camp |
| 15:15 | Research | Horse Collar |
| 15:22 | Build | Palisade Wall |
| 15:25 | Build | Palisade Wall |
| 15:32 | Build | Farm |
| 15:33 | Create | Villager (Male) |
| 16:03 | Build | House |
| 16:19 | Create | Skirmisher |
| 16:21 | Build | Farm |
| 16:21 | Build | Farm |
| 16:22 | Create | Villager (Male) |
| 16:29 | Create | Villager (Male) |
| 16:36 | Build | House |
| 16:45 | Create | Skirmisher |
| 16:46 | Create | Villager (Male) |
| 16:58 | Build | House |
| 17:09 | Create | Villager (Male) |
| 17:12 | Create | Skirmisher |
| 17:16 | Build | House |
| 17:25 | Build | House |
| 18:01 | Build | Farm |
| 18:03 | Build | Farm |
| 18:04 | Create | Villager (Male) |
| 18:06 | Create | Scout Cavalry |
| 18:10 | Create | Skirmisher |
| 18:34 | Create | Scout Cavalry |
| 18:42 | Build | Farm |
| 18:43 | Create | Villager (Male) |
| 18:46 | Create | Archer |
| 19:06 | Build | Lumber Camp |
| 19:11 | Build | Farm |
| 19:20 | Create | Archer |
| 19:23 | Create | Scout Cavalry |
| 19:25 | Create | Villager (Male) |
| 19:27 | Build | Farm |
| 19:56 | Build | Palisade Gate |
| 19:59 | Create | Archer |
| 20:01 | Build | Farm |
| 20:14 | Create | Villager (Male) |
| 20:44 | Create | Scout Cavalry |
| 21:04 | Build | Farm |
| 21:35 | Build | Farm |
| 21:51 | Research | Castle Age |
| 22:03 | Build | Stable |
| 22:05 | Build | Stable |
| 22:18 | Research | Bloodlines |
| 22:25 | Build | House |
| 22:27 | Build | House |
| 22:29 | Build | House |
| 22:45 | Research | Gold Mining |
| 22:48 | Create | Villager (Male) |
| 24:04 | Build | House |
| 24:05 | Build | House |
| 24:08 | Create | Archer |
| 24:17 | Build | Blacksmith |
| 24:31 | Age | Castle Age |
| 24:40 | Research | Wheelbarrow |
| 24:43 | Create | Knight |
| 24:45 | Create | Knight |
| 24:46 | Create | Knight |
| 24:54 | Build | Siege Workshop |
| 24:56 | Create | Villager (Male) |
| 25:01 | Create | Cavalry Archer |
| 25:17 | Research | Scale Barding Armor |
| 25:23 | Create | Knight |
| 25:38 | Create | Villager (Male) |
| 25:41 | Create | Villager (Male) |
| 25:48 | Create | Mangonel |
| 26:03 | Create | Cavalry Archer |
| 26:04 | Create | Villager (Male) |
| 26:07 | Build | Farm |
| 26:17 | Build | Palisade Wall |
| 26:20 | Build | House |
| 26:51 | Create | Knight |
| 26:57 | Create | Knight |
| 26:57 | Create | Knight |
| 27:01 | Create | Skirmisher |
| 27:11 | Create | Villager (Male) |
Match timeline
| 6:46 | Disagri · first_building Barracks |
| 7:36 | DR DANKEL · first_building Barracks |
| 7:54 | DR DANKEL · wall_segment Palisade Wall x7 |
| 9:13 | DR DANKEL · wall_segment Palisade Wall x6 |
| 9:39 | DR DANKEL · age_up feudal |
| 9:44 | DR DANKEL · first_building Stable |
| 9:59 | DR DANKEL · wall_segment Palisade Wall x7 |
| 10:42 | Disagri · age_up feudal |
| 11:04 | Disagri · first_building Archery Range |
| 11:16 | DR DANKEL · wall_segment Palisade Wall x9 |
| 12:37 | DR DANKEL · first_building Archery Range |
| 15:22 | DR DANKEL · wall_segment Palisade Wall x8 |
| 15:25 | DR DANKEL · wall_segment Palisade Wall x5 |
| 17:22 | Disagri · wall_segment Palisade Wall x1 |
| 17:40 | Disagri · wall_segment Palisade Wall x1 |
| 17:45 | Disagri · wall_segment Palisade Wall x1 |
| 20:39 | DR DANKEL · first_market_sell 100 wood |
| 20:39 | DR DANKEL · first_market_buy 100 food |
| 24:31 | DR DANKEL · age_up castle |
| 24:54 | DR DANKEL · first_building Siege Workshop |
| 26:17 | DR DANKEL · wall_segment Palisade Wall x1 |
| 26:57 | Disagri · wall_segment Palisade Wall x1 |
| 27:15 | Disagri · resign |
[ AI ANALYSIS · 1 CREDIT ]
What really happened in this match?
Wolo.gg analyzes every decision: build order, eco, micro, common mistakes by bracket. Personalized analysis on WhatsApp or Discord in 30 seconds.
Civ guide
Incas
Perfil
Disagri